[Event "ICC tourney 1980 (3 2)"]
[Site "Internet Chess Club"]
[Date "2020.08.28"]
[Round "8"]
[White "MARMAYOGI11"]
[Black "BMWHero"]
[Result "0-1"]
[ICCResult "White resigns"]
[WhiteElo "1813"]
[BlackElo "2550"]
[Opening "Queen's pawn: Torre attack"]
[ECO "A46"]
[NIC "QP.04"]
[Time "21:45:38"]
[TimeControl "180+2"]

1. d4 Nf6 2. Nf3 e6 3. Bg5 h6 4. Bh4 d6 5. Nbd2 g5 6. Bg3 Nh5 7. e4 Bg7 8.
c3 Nd7 9. Bd3 b6 10. Qe2 a6 11. e5 Nxg3 12. hxg3 dxe5 13. dxe5 Bb7 14. Be4
Bxe4 15. Nxe4 Nxe5 16. Rd1 Qe7 17. Nexg5 hxg5 18. Rxh8+ Bxh8 19. Nxe5 Rd8
20. Rxd8+ Qxd8 21. Qe4 Qd5 22. Qxd5 exd5 23. Nf3 Bf6 24. g4 Kd7 25. Ke2 c5
26. Kd3 Ke6 27. b3 b5 28. c4 dxc4+ 29. bxc4 b4 30. Nd2 a5 31. Ne4 Be7 32. g3
Ke5 33. f3 a4 34. Nd2 Ke6 35. Nf1 Bd6 36. Ke4 b3 37. axb3 a3 38. Ne3 a2 39.
Nc2 Bxg3 40. b4 cxb4 41. Nd4+ Kf6 42. Nb3 Be5 43. c5 a1=Q 44. Nxa1 Bxa1 45.
c6 Be5 46. Kd3 b3 {White resigns} 0-1

[Event "ICC tourney 1980 (3 2)"]
[Site "Internet Chess Club"]
[Date "2020.08.28"]
[Round "8"]
[White "vyomvidy"]
[Black "LChessMaster"]
[Result "1-0"]
[ICCResult "Black checkmated"]
[WhiteElo "1812"]
[BlackElo "1589"]
[Opening "Dunst (Sleipner, Heinrichsen) opening"]
[ECO "A00"]
[NIC "VO.15"]
[Time "21:45:41"]
[TimeControl "180+2"]

1. Nc3 Nf6 2. d4 e6 3. Bf4 Bb4 4. e3 Nd5 5. Ne2 Bxc3+ 6. bxc3 Nxf4 7. Nxf4
b6 8. Bd3 Bb7 9. O-O Qg5 10. Rb1 d6 11. Rb5 e5 12. dxe5 a6 13. h4 Qxh4 14.
Rb4 Qe7 15. exd6 Qxd6 16. Be4 Nc6 17. Qxd6 cxd6 18. Rxb6 Nd8 19. Bxb7 Rb8
20. Rfb1 Nxb7 21. Rxb7 Rxb7 22. Rxb7 O-O 23. Rb6 Rc8 24. Rxa6 h6 25. Rxd6
Rxc3 26. Rd8+ Kh7 27. Rd7 Kg8 28. a4 Rxc2 29. a5 Ra2 30. Ra7 Kf8 31. a6 Ke8
32. Nd5 Kd8 33. Rxf7 Rxa6 34. Rxg7 Ra1+ 35. Kh2 Ra5 36. Nf4 Ra6 37. Rg6 Rxg6
38. Nxg6 Ke8 39. Kh3 Kf7 40. Nf4 Kf6 41. Kh4 Kg7 42. Kh5 Kh7 43. g4 Kg7 44.
e4 Kf6 45. Nd3 Kg7 46. f4 Kh7 47. e5 Kg7 48. f5 Kh7 49. Nf4 Kg7 50. e6 Kf6
51. Kxh6 Ke7 52. g5 Kf8 53. f6 Kg8 54. e7 Kf7 55. e8=Q+ Kxe8 56. Kg7 Kd7 57.
f7 Ke7 58. f8=Q+ Kd7 59. Qf7+ Kc8 60. Kf6 Kd8 61. g6 Kc8 62. g7 Kd8 63.
g8=R# {Black checkmated} 1-0

[Event "ICC tourney 1980 (3 2)"]
[Site "Internet Chess Club"]
[Date "2020.08.28"]
[Round "8"]
[White "MasterZachary"]
[Black "IndianTerritory"]
[Result "1-0"]
[ICCResult "Black forfeits on time"]
[WhiteElo "2173"]
[BlackElo "1740"]
[Opening "Caro-Kann: exchange, Rubinstein variation"]
[ECO "B13"]
[NIC "CK.02"]
[Time "21:45:42"]
[TimeControl "180+2"]

1. e4 c6 2. d4 d5 3. exd5 cxd5 4. Bd3 Nf6 5. c3 Nc6 6. Bf4 Bg4 7. Qb3 Qd7 8.
Nd2 e6 9. Ngf3 Bxf3 10. Nxf3 Bd6 11. Bxd6 Qxd6 12. O-O O-O-O 13. Rfe1 Qc7
14. a4 h5 15. a5 Nxa5 16. Qa4 Nc6 17. b4 a6 18. b5 axb5 19. Bxb5 Ne4 20.
Qa8+ Nb8 21. c4 Nd6 22. Rec1 dxc4 23. Bxc4 Nxc4 24. Ra7 Nd6 25. Rxc7+ Kxc7
26. Ra1 Rc8 27. Ne5 Kd8 28. Qa3 Ke7 29. Nxf7 Kxf7 30. Qxd6 Rc6 31. Qf4+ Ke7
32. Qg5+ Kf7 33. h4 Nd7 34. Ra7 Rb6 35. Qf4+ Ke7 36. Ra3 Rd6 37. Rg3 Rg8 38.
Qg5+ Nf6 39. Rf3 {Black forfeits on time} 1-0

[Event "ICC tourney 1980 (3 2)"]
[Site "Internet Chess Club"]
[Date "2020.08.28"]
[Round "8"]
[White "steinutz"]
[Black "TheHidingBishop"]
[Result "0-1"]
[ICCResult "White checkmated"]
[WhiteElo "1536"]
[BlackElo "1590"]
[Opening "Levitsky attack (Queen's bishop attack)"]
[ECO "D00"]
[NIC "QP.08"]
[Time "21:45:45"]
[TimeControl "180+2"]

1. d4 d5 2. Bg5 h6 3. Bh4 c6 4. c3 Nf6 5. e3 Bf5 6. Bd3 Bxd3 7. Qxd3 Nbd7 8.
Nd2 e6 9. f4 Bd6 10. Ngf3 c5 11. O-O O-O 12. Ne5 Rc8 13. Rad1 Qb6 14. Qb1 a5
15. Kh1 a4 16. a3 Qc7 17. Rf3 b5 18. Qc2 Qb6 19. g4 cxd4 20. exd4 Qxd4 21.
Ndc4 Qc5 22. Nxd6 Qxd6 23. Re1 Ne4 24. Nd3 Ndc5 25. Ne5 Nd7 26. Nd3 Ndf6 27.
g5 hxg5 28. fxg5 Ng4 29. Rg1 Ne5 30. Bg3 Nxg3+ 31. Rfxg3 Nxd3 32. Qxd3 Qc6
33. h4 d4+ 34. Kh2 dxc3 35. bxc3 Rfd8 36. Qe3 Rd5 37. g6 f6 38. Qa7 Rcd8 39.
Qf7+ Kh8 40. R1g2 Rd2 41. Qxf6 gxf6 42. g7+ Kg8 43. h5 Rxg2+ 44. Rxg2 Qf3
45. Rg3 Qxh5+ 46. Rh3 Rd2+ 47. Kg3 Rd3+ 48. Kh2 Qxh3+ 49. Kg1 Rd2 50. c4
Qg2# {White checkmated} 0-1

[Event "ICC tourney 1980 (3 2)"]
[Site "Internet Chess Club"]
[Date "2020.08.28"]
[Round "8"]
[White "Zwish"]
[Black "dopolian"]
[Result "0-1"]
[ICCResult "White resigns"]
[WhiteElo "1282"]
[BlackElo "2059"]
[Opening "Anderssen's opening"]
[ECO "A00"]
[NIC "VO.14"]
[Time "21:45:46"]
[TimeControl "180+2"]

1. a3 Nf6 2. Nf3 g6 3. c4 Bg7 4. Nc3 O-O 5. g3 d6 6. Bg2 e5 7. d3 c6 8. O-O
a5 9. b3 Nbd7 10. Bb2 Nc5 11. e3 Bf5 12. d4 Nd3 13. Ra2 Nxb2 14. Rxb2 exd4
15. Nxd4 Bg4 16. Qd2 Qc7 17. Rbb1 Rfe8 18. Rfc1 Bf5 19. Nxf5 gxf5 20. Qc2
Qd7 21. Rd1 Qe6 22. Rd2 Ne4 23. Nxe4 fxe4 24. Qd1 Rad8 25. h4 f5 26. Kh2 Bc3
27. Rc2 Be5 28. Qh5 Qg6 29. Qe2 Kh8 30. Rh1 Rg8 31. Kg1 d5 32. cxd5 Rxd5 33.
h5 Qf6 34. Rh4 Rgd8 35. Bf1 Rg8 36. Rh3 Qd6 37. Ra2 Rd1 38. Kg2 Bc3 39. Rc2
Be5 40. b4 axb4 41. axb4 Rb1 42. b5 Rxb5 43. Qe1 Rd5 44. Qa5 Rxa5
{White resigns}
0-1

[Event "ICC tourney 1980 (3 2)"]
[Site "Internet Chess Club"]
[Date "2020.08.28"]
[Round "8"]
[White "Aleksandrov73"]
[Black "helavir"]
[Result "1-0"]
[ICCResult "Black resigns"]
[WhiteElo "2263"]
[BlackElo "2209"]
[Opening "QGD semi-Slav: accelerated Meran (Alekhine variation)"]
[ECO "D45"]
[NIC "SL.08"]
[Time "21:45:53"]
[TimeControl "180+2"]

1. d4 d5 2. c4 c6 3. Nc3 Nf6 4. e3 e6 5. Nf3 a6 6. Be2 dxc4 7. Bxc4 b5 8.
Bd3 c5 9. O-O Bb7 10. Qe2 Nbd7 11. Rd1 Qb8 12. h3 Be7 13. b3 O-O 14. Bb2
Bxf3 15. Qxf3 c4 16. Be4 Nxe4 17. Nxe4 cxb3 18. axb3 Nf6 19. Rdc1 a5 20. Ba3
b4 21. Bb2 Nd5 22. Nd2 Qb5 23. Nc4 a4 24. bxa4 Rxa4 25. Rxa4 Qxa4 26. e4 Nf6
27. d5 exd5 28. exd5 Rc8 29. d6 Bd8 30. Qb7 Ra8 31. Ra1 Qxa1+ 32. Bxa1 Rxa1+
33. Kh2 Re1 34. d7 Re7 35. Nb6 Nxd7 36. Nxd7 Re8 37. Qxb4 Be7 38. Qc4 Bd6+
39. g3 Rd8 40. Qc6 Be7 41. Qc7 Re8 42. Ne5 Kf8 43. Qd7 f6 44. Nc6 Bc5 45.
Kg2 Re2 46. Qd8+ Kf7 47. Qd5+ {Black resigns} 1-0

[Event "ICC tourney 1980 (3 2)"]
[Site "Internet Chess Club"]
[Date "2020.08.28"]
[Round "8"]
[White "GGuseinov"]
[Black "TjkTiger"]
[Result "1-0"]
[ICCResult "Black resigns"]
[WhiteElo "2935"]
[BlackElo "2106"]
[Opening "Sicilian: closed, 2...Nc6"]
[ECO "B23"]
[NIC "SI.44"]
[Time "21:45:37"]
[TimeControl "180+2"]

1. e4 c5 2. Nc3 Nc6 3. Bb5 Nd4 4. Nf3 a6 5. Bd3 g6 6. O-O Bg7 7. Re1 e6 8.
Rb1 Nc6 9. a3 Nge7 10. b4 cxb4 11. axb4 b5 12. Nd5 O-O 13. Nxe7+ Qxe7 14. c3
Bb7 15. Bc2 f5 16. exf5 gxf5 17. d4 Qd6 18. d5 exd5 19. Bb3 Bxc3 20. Re3 Bf6
21. Bxd5+ Kh8 22. Rd3 Qe7 23. Bh6 Bg7 24. Bg5 Qe8 25. Qd2 Qh5 26. Bf4 Rae8
27. Bd6 Rf6 28. Bf4 Qg4 29. h3 Qh5 30. Re1 Rff8 31. Rd1 Re4 32. Bd6 Rf6 33.
Bc5 Re8 34. Qg5 Qg6 35. Qxg6 hxg6 36. Ng5 Bf8 37. Bxc6 Rxc6 38. Bxf8 Rxf8
39. Rxd7 Bc8 40. Re7 f4 41. h4 f3 42. gxf3 Kg8 43. Kg2 Rc4 44. Rd6 Bf5 45.
Kg3 Rxb4 46. Rxa6 Rc4 47. Rb6 Rfc8 48. Rbb7 b4 49. Rg7+ Kh8 50. Rh7+ Kg8 51.
Rbg7+ Kf8 52. h5 gxh5 53. Rf7+ Kg8 54. Rxf5 R4c5 55. Rhf7 b3 56. Rf8+ Kg7
57. Ne6+ Kg6 58. Rxc5 b2 59. Rb5 {Black resigns} 1-0

[Event "ICC tourney 1980 (3 2)"]
[Site "Internet Chess Club"]
[Date "2020.08.28"]
[Round "8"]
[White "Ayushb"]
[Black "rjc64uk"]
[Result "1-0"]
[ICCResult "Black forfeits on time"]
[WhiteElo "1526"]
[BlackElo "1554"]
[Opening "French: exchange variation"]
[ECO "C01"]
[NIC "FR.01"]
[Time "21:46:33"]
[TimeControl "180+2"]

1. e4 e6 2. d4 d5 3. exd5 exd5 4. Bd3 Bd6 5. Nf3 Bg4 6. c3 Nd7 7. O-O Ne7 8.
Nbd2 c6 9. Re1 Qc7 10. h3 Bh5 11. Qc2 Bg6 12. a4 O-O 13. b4 Bxd3 14. Qxd3
Ng6 15. Ba3 Nf4 16. Qf5 f6 17. g3 Ng6 18. Kg2 a5 19. Nb3 axb4 20. Bxb4 Rfe8
21. a5 Bxb4 22. cxb4 b6 23. Rac1 Qb7 24. axb6 Nxb6 25. Na5 Qf7 26. Nxc6 Nc4
27. b5 Ra2 28. Rxe8+ Qxe8 29. Rc2 Rxc2 30. Qxc2 Nb6 31. Qc5 Nd7 32. Qb4 Qe2
33. b6 Qe8 34. b7 Nb8 35. Nxb8 Qxb8 36. Qb6 Kf7 37. Qa6 Ne7 38. Qa8 Nc6 39.
Nd2 Ke6 40. Nb3 Kd7 41. Nc5+ Kd6 42. Na6 {Black forfeits on time} 1-0

[Event "ICC tourney 1980 (3 2)"]
[Site "Internet Chess Club"]
[Date "2020.08.28"]
[Round "8"]
[White "Tombstone"]
[Black "harkerchess"]
[Result "1/2-1/2"]
[ICCResult "Game drawn by mutual agreement"]
[WhiteElo "1658"]
[BlackElo "1427"]
[Opening "QGD Slav: 3.Nf3"]
[ECO "D11"]
[NIC "SL.01"]
[Time "21:45:38"]
[TimeControl "180+2"]

1. d4 d5 2. c4 c6 3. Nf3 Nf6 4. g3 dxc4 5. Bg2 b5 6. Ne5 Qb6 7. a4 Bb7 8. b3
cxb3 9. Qxb3 e6 10. Nc3 b4 11. Na2 a5 12. Bb2 Be7 13. O-O O-O 14. Nc1 c5 15.
dxc5 Bxc5 16. Nc4 Qa7 17. Bxf6 gxf6 18. Nd3 Bxg2 19. Kxg2 Qb7+ 20. Kg1 Nd7
21. e3 Rfd8 22. Rac1 Be7 23. Rfd1 Rdc8 24. Na3 Nb6 25. Nb5 Qd5 26. Qxd5 Nxd5
27. Nb2 f5 28. Kg2 Nc3 29. Nxc3 bxc3 30. Nd3 Bf6 31. Rc2 Rab8 32. Kf3 Rb4
33. Nxb4 axb4 34. Rb1 Rb8 35. Rb3 Kg7 36. a5 Ra8 37. Rxb4 Rxa5 38. e4 fxe4+
39. Kxe4 Ra1 40. f4 Re1+ 41. Kf3 Rf1+ 42. Kg2 Rd1 43. Re4 Kg6 44. Ree2 h5
45. h4 Rd3 46. Kf2 Bd4+ 47. Kg2 Be3 48. Kf3 Bd2+ 49. Kg2 Rd8 50. Kf2 Rb8 51.
Rexd2 cxd2 52. Rxd2 Rb3 53. Re2 Rd3 54. Re3 Rd5 55. Kf3 Ra5 56. Rb3 Rc5
{Game drawn by mutual agreement}
1/2-1/2

[Event "ICC tourney 1980 (3 2)"]
[Site "Internet Chess Club"]
[Date "2020.08.28"]
[Round "8"]
[White "ConnorGo"]
[Black "kralj8"]
[Result "0-1"]
[ICCResult "White checkmated"]
[WhiteElo "1267"]
[BlackElo "1572"]
[Opening "Four knights: Spanish variation"]
[ECO "C48"]
[NIC "KP.03"]
[Time "21:45:52"]
[TimeControl "180+2"]

1. e4 e5 2. Nf3 Nc6 3. Nc3 Nf6 4. Bb5 g6 5. Bxc6 dxc6 6. O-O Bg7 7. d3 Nd7
8. Qd2 O-O 9. Ne2 Nc5 10. Ng3 Ne6 11. Qb4 Nf4 12. Bxf4 exf4 13. Ne2 g5 14.
Qc5 g4 15. Ne5 Qg5 16. d4 f3 17. Ng3 fxg2 18. Kxg2 h5 19. Nf5 Bxf5 20. exf5
Qxf5 21. Rae1 h4 22. Qc3 f6 23. Nc4 Rae8 24. Ne3 Qf3+ 25. Kg1 h3 26. Qc4+
Kh8 27. Qe2 Qxe2 28. Rxe2 f5 29. Rfe1 Bxd4 30. c3 Bxe3 31. fxe3 Kg7 32. Kf2
Kg6 33. Kg3 Kg5 34. b4 Re4 35. a4 Rfe8 36. b5 cxb5 37. axb5 Kh5 38. Kf2 Kh4
39. Rd1 f4 40. Rd7 fxe3+ 41. Ke1 Ra4 42. Rh7+ Kg5 43. Kd1 Ra1+ 44. Kc2 Ra2+
45. Kd3 Rxe2 46. Kxe2 c6 47. Rg7+ Kf4 48. Rxb7 cxb5 49. Rxb5 Rc8 50. Rb4+
Kg5 51. Kd3 Re8 52. Rb5+ Kf4 53. Ke2 Rc8 54. Rb4+ Kg5 55. c4 Re8 56. c5 Rc8
57. Rc4 Kf5 58. c6 Rc7 59. Kxe3 a5 60. Kd4 Ke6 61. Ke4 g3 62. hxg3 h2 63.
Rc1 Rh7 64. c7 Rxc7 65. Rh1 Rh7 66. Kd3 Kd5 67. Kc3 Kc5 68. Kb3 Kb5 69. Ka3
Rh3 70. Kb2 Kb4 71. g4 a4 72. g5 a3+ 73. Ka2 Rh8 74. g6 Rg8 75. Rb1+ Ka5 76.
Rh1 Rxg6 77. Rxh2 Rg3 78. Rc2 Kb4 79. Rc1 Rd3 80. Rb1+ Ka4 81. Rc1 Rd2+ 82.
Ka1 Kb3 83. Rb1+ Kc3 84. Rc1+ Kb3 85. Rb1+ Rb2 86. Rxb2+ axb2+ 87. Kb1 Ka3
88. Kc2 Ka2 89. Kc3 b1=Q 90. Kc4 Qd1 91. Kc5 Qd3 92. Kc6 Qd4 93. Kb5 Qc3 94.
Kb6 Qc4 95. Kb7 Qc5 96. Kb8 Qc6 97. Ka7 Qb5 98. Ka8 Kb3 99. Ka7 Kc4 100. Ka8
Kd5 101. Ka7 Kc6 102. Ka8 Qb7# {White checkmated} 0-1

[Event "ICC tourney 1980 (3 2)"]
[Site "Internet Chess Club"]
[Date "2020.08.28"]
[Round "9"]
[White "ivo20"]
[Black "steinutz"]
[Result "1-0"]
[ICCResult "Black checkmated"]
[WhiteElo "1262"]
[BlackElo "1509"]
[Opening "Scandinavian (center counter) defense"]
[ECO "B01"]
[NIC "VO.17"]
[Time "21:59:10"]
[TimeControl "180+2"]

1. e4 d5 2. e5 Bf5 3. d4 e6 4. Nf3 c5 5. c3 Nc6 6. Be3 cxd4 7. cxd4 Qb6 8.
Nc3 Qxb2 9. Nb5 Bb4+ 10. Bd2 Bc2 11. Qc1 Rc8 12. Qxb2 Bg6 13. Bxb4 a6 14.
Nd6+ Kd7 15. Nxc8 Kxc8 16. Rc1 Kd7 17. Bd6 b5 18. Qc3 Nge7 19. Bxe7 Nxe7 20.
Qc7+ Ke8 21. Qb8+ Kd7 22. Rc7# {Black checkmated} 1-0

[Event "ICC tourney 1980 (3 2)"]
[Site "Internet Chess Club"]
[Date "2020.08.28"]
[Round "9"]
[White "BreatheChessAls"]
[Black "vyomvidy"]
[Result "1-0"]
[ICCResult "Black checkmated"]
[WhiteElo "1598"]
[BlackElo "1791"]
[Opening "Queen's pawn, Mason variation, Steinitz counter-gambit"]
[ECO "D00"]
[NIC "QP.08"]
[Time "21:59:06"]
[TimeControl "180+2"]

1. d4 d5 2. Bf4 c5 3. e3 Nc6 4. c3 Nf6 5. Nd2 e6 6. Ngf3 cxd4 7. exd4 Nh5 8.
Be3 Bd6 9. Bd3 Nf4 10. Bxf4 Bxf4 11. O-O O-O 12. Ne5 Nxe5 13. dxe5 Bxd2 14.
Qxd2 b6 15. f4 Bb7 16. Bc2 Rc8 17. Qd3 g6 18. Rad1 Qc7 19. Qh3 Rfd8 20. Rd4
b5 21. Qh6 a5 22. Rf3 b4 23. Rh3 f5 24. exf6 Qf7 25. Rg3 Qf8 26. Rxg6+ Kh8
27. Rg7 Qxg7 28. Qxg7# {Black checkmated} 1-0

[Event "ICC tourney 1980 (3 2)"]
[Site "Internet Chess Club"]
[Date "2020.08.28"]
[Round "9"]
[White "TheHidingBishop"]
[Black "Ayushb"]
[Result "0-1"]
[ICCResult "White resigns"]
[WhiteElo "1555"]
[BlackElo "1541"]
[Opening "Catalan: closed, 5.Nf3"]
[ECO "E06"]
[NIC "CA.04"]
[Time "21:59:10"]
[TimeControl "180+2"]

1. d4 d5 2. c4 e6 3. Nf3 Nf6 4. g3 Be7 5. Bg2 O-O 6. O-O a6 7. Qc2 b6 8. Ne5
Bb7 9. Nc3 Nbd7 10. f4 c5 11. dxc5 Bxc5+ 12. Kh1 Qc7 13. cxd5 exd5 14. Nxd7
Qxd7 15. e3 d4 16. exd4 Bxg2+ 17. Qxg2 Qxd4 18. Rd1 Qc4 19. Bd2 Ng4 20. Ne4
Qxe4 {White resigns} 0-1

[Event "ICC tourney 1980 (3 2)"]
[Site "Internet Chess Club"]
[Date "2020.08.28"]
[Round "9"]
[White "londonkid"]
[Black "MasterZachary"]
[Result "1-0"]
[ICCResult "Black checkmated"]
[WhiteElo "1887"]
[BlackElo "2146"]
[Opening "QGD: Grau (Sahovic) defense"]
[ECO "D06"]
[NIC "QP.08"]
[Time "21:59:04"]
[TimeControl "180+2"]

1. d4 d5 2. c4 Bf5 3. cxd5 Bxb1 4. Qa4+ c6 5. Rxb1 Qxd5 6. Nf3 Nd7 7. e3
Ngf6 8. a3 e6 9. Qc2 Bd6 10. Bd3 Qh5 11. O-O O-O 12. e4 e5 13. Be3 Ng4 14.
h3 Nxe3 15. fxe3 c5 16. d5 Rac8 17. Nd2 c4 18. Nxc4 b5 19. Nxd6 Rxc2 20.
Bxc2 Qe2 21. Rbc1 Qxe3+ 22. Kh1 Nf6 23. Nf5 Qb6 24. Bb3 Nh5 25. Ne7+ Kh8 26.
Rxf7 Re8 27. Nf5 g6 28. Rcc7 gxf5 29. Rxh7+ Kg8 30. d6+ Re6 31. Bxe6+ Kf8
32. Rh8# {Black checkmated} 1-0

[Event "ICC tourney 1980 (3 2)"]
[Site "Internet Chess Club"]
[Date "2020.08.28"]
[Round "9"]
[White "tangent"]
[Black "Xuanli28"]
[Result "1/2-1/2"]
[ICCResult "Game drawn by repetition"]
[WhiteElo "1866"]
[BlackElo "1679"]
[Opening "King's Indian: orthodox, 7...Nbd7"]
[ECO "E94"]
[NIC "KI.12"]
[Time "21:59:58"]
[TimeControl "180+2"]

1. d4 Nf6 2. c4 g6 3. Nc3 Bg7 4. e4 d6 5. Be2 O-O 6. Nf3 Nbd7 7. O-O e5 8.
d5 Nc5 9. Qc2 a5 10. Be3 Ne8 11. Nd2 f5 12. f3 f4 13. Bf2 g5 14. g4 Bd7 15.
b3 Rf6 16. a3 h5 17. h3 hxg4 18. hxg4 Rh6 19. b4 axb4 20. axb4 Rxa1 21. Rxa1
Na6 22. Qb2 Bf8 23. Kg2 Qe7 24. Rh1 Rxh1 25. Kxh1 c5 26. dxc6 bxc6 27. c5
Nac7 28. cxd6 Qxd6 29. Bc5 Qh6+ 30. Kg2 Bxc5 31. bxc5 Qf8 32. Qb4 Ne6 33.
Bc4 Kg7 34. Bxe6 Bxe6 35. Nc4 Bxc4 36. Qxc4 Qf7 37. Qxf7+ Kxf7 38. Kf2 Nc7
39. Na2 Ke6 40. Nb4 Kd7 41. Ke2 Ne6 42. Nd3 Nd4+ 43. Kf2 Ke6 44. Nb4 Kd7 45.
Nd3 Ke6 46. Nb4 Kd7 47. Nd3 {Game drawn by repetition} 1/2-1/2

[Event "ICC tourney 1980 (3 2)"]
[Site "Internet Chess Club"]
[Date "2020.08.28"]
[Round "9"]
[White "rjc64uk"]
[Black "ConnorGo"]
[Result "1-0"]
[ICCResult "Black checkmated"]
[WhiteElo "1559"]
[BlackElo "1264"]
[Opening "Owen defense"]
[ECO "B00"]
[NIC "VO.02"]
[Time "21:59:14"]
[TimeControl "180+2"]

1. e4 b6 2. d4 Bb7 3. Bd3 d5 4. e5 c5 5. c3 c4 6. Bc2 Bc8 7. Nf3 Bg4 8. O-O
Nd7 9. h3 Bh5 10. Nbd2 Nh6 11. Re1 e6 12. Nf1 Be7 13. Ng3 Bxf3 14. Qxf3 Qc7
15. Nh5 O-O-O 16. Nxg7 Ng8 17. Qxf7 Qc6 18. Qxe6 Qxe6 19. Nxe6 Re8 20. Nf4
h5 21. Nxd5 Bd8 22. Bf5 Ne7 23. Nxe7+ Rxe7 24. Bg5 Rf7 25. Be6 Rg7 26. Bxd8
Kxd8 27. Bxc4 Nf8 28. Bd5 Ke7 29. Re3 Rg5 30. Rf3 Ng6 31. Rf7+ Ke8 32. Kh2
Nh4 33. Rxa7 Rh6 34. f4 Rf5 35. g3 Ng6 36. Be6 Rf8 37. f5 Nh8 38. f6 Ng6 39.
Ra8# {Black checkmated} 1-0

[Event "ICC tourney 1980 (3 2)"]
[Site "Internet Chess Club"]
[Date "2020.08.28"]
[Round "9"]
[White "jx4"]
[Black "Goran21"]
[Result "0-1"]
[ICCResult "White forfeits on time"]
[WhiteElo "1850"]
[BlackElo "2087"]
[Opening "King's Indian: Sämisch, Panno main line"]
[ECO "E84"]
[NIC "KI.34"]
[Time "21:59:10"]
[TimeControl "180+2"]

1. d4 Nf6 2. c4 g6 3. Nc3 Bg7 4. e4 d6 5. f3 O-O 6. Be3 Nc6 7. Qd2 a6 8.
Nge2 Rb8 9. Nc1 e5 10. d5 Nd4 11. Nb3 c5 12. dxc6 Nxb3 13. axb3 bxc6 14. Ra3
Be6 15. Be2 d5 16. cxd5 cxd5 17. exd5 Nxd5 18. Nxd5 Bxd5 19. O-O Bxb3 20.
Bxa6 Qe7 21. Qf2 Qe6 22. Ba7 Ra8 23. Bb7 Rad8 24. Bc5 Rfe8 25. Ra6 Qc4 26.
Rc6 Ba4 27. Rc7 Qb3 28. Bc6 Bxc6 29. Rxc6 Rc8 30. Rb6 Qc4 31. Be3 f5 32. Rb7
f4 33. Bb6 e4 34. fxe4 Qxe4 35. Ra7 Rc2 36. Qf3 Bd4+ 37. Bxd4 Qxd4+ 38. Kh1
Rxb2 39. Rc7 Qe5 40. Qc6 Qe4 {White forfeits on time} 0-1

[Event "ICC tourney 1980 (3 2)"]
[Site "Internet Chess Club"]
[Date "2020.08.28"]
[Round "9"]
[White "IndianTerritory"]
[Black "MARMAYOGI11"]
[Result "1/2-1/2"]
[ICCResult "Game drawn by repetition"]
[WhiteElo "1742"]
[BlackElo "1807"]
[Opening "Giuoco Pianissimo"]
[ECO "C50"]
[NIC "IG.02"]
[Time "21:59:06"]
[TimeControl "180+2"]

1. e4 e5 2. Nf3 Nc6 3. Bc4 Bc5 4. d3 Nf6 5. O-O d6 6. c3 a6 7. b4 Ba7 8. a4
Be6 9. Nbd2 O-O 10. Bxe6 fxe6 11. Nc4 Qe8 12. Be3 Bxe3 13. Nxe3 Nh5 14. a5
Nf4 15. Re1 Qg6 16. Kf1 Rf7 17. Nh4 Qf6 18. Nf3 Raf8 19. Ng4 Qg6 20. h3 Nxg2
21. Kxg2 Rxf3 22. Qxf3 Rxf3 23. Kxf3 h5 24. Ne3 Qf6+ 25. Ke2 Ne7 26. Rg1 g6
27. Rg3 Kh7 28. Rag1 d5 29. Nc2 dxe4 30. dxe4 Qf4 31. f3 Qf8 32. Ne1 Qe8 33.
Rg5 Qc6 34. Kd2 Qd6+ 35. Nd3 c5 36. bxc5 Qc7 37. Nxe5 Qxa5 38. Nxg6 Nxg6 39.
Rxg6 Qxc5 40. Rg7+ Kh8 41. Rg8+ Kh7 42. R8g7+ Kh8 43. Rg8+ Kh7 44. R8g7+ Kh8
45. Rg8+ Kh7 46. R1g7+ Kh6 47. Rg6+ Kh7 48. R6g7+ Kh6 49. Rg6+ Kh7 50. R8g7+
Kh8 51. Rg8+ Kh7 52. R6g7+ Kh6 53. Rg6+ Kh7 54. R8g7+ Kh8 55. Rg8+ Kh7 56.
R8g7+ Kh8 57. Rg8+ Kh7 58. R6g7+ Kh6 59. Rg6+ Kh7 60. R8g7+ Kh8 61. Rg8+ Kh7
62. R6g7+ Kh6 63. Rg6+ Kh7 64. R6g7+ {Game drawn by repetition} 1/2-1/2

[Event "ICC tourney 1980 (3 2)"]
[Site "Internet Chess Club"]
[Date "2020.08.28"]
[Round "9"]
[White "kralj8"]
[Black "Tombstone"]
[Result "0-1"]
[ICCResult "White forfeits on time"]
[WhiteElo "1566"]
[BlackElo "1688"]
[Opening "Sicilian: closed"]
[ECO "B23"]
[NIC "SI.44"]
[Time "21:59:02"]
[TimeControl "180+2"]

1. e4 c5 2. Nc3 d6 3. f4 Nf6 4. Nf3 g6 5. Bc4 Bg7 6. d3 a6 7. O-O b5 8. Bb3
Bb7 9. Qe1 Nbd7 10. Bd2 Qc7 11. e5 dxe5 12. fxe5 Ng4 13. Ng5 Ndxe5 14. Qg3
O-O-O 15. Bf4 c4 16. dxc4 bxc4 17. Ba4 Qb6+ 18. Kh1 f6 19. Bxe5 Nxe5 20. Nf3
Nxf3 21. gxf3 f5 22. Rab1 Qc5 23. Kg2 Be5 24. Qf2 Qxf2+ 25. Rxf2 Bd4 26. Rd2
e5 27. Rbd1 Kc7 28. h4 Rd6 29. Kg3 Rhd8 30. Kg2 Bxc3 31. Rxd6 Rxd6
{White forfeits on time}
0-1

[Event "ICC tourney 1980 (3 2)"]
[Site "Internet Chess Club"]
[Date "2020.08.28"]
[Round "9"]
[White "LChessMaster"]
[Black "WR3311"]
[Result "1-0"]
[ICCResult "Black resigns"]
[WhiteElo "1596"]
[BlackElo "1532"]
[Opening "Queen's bishop game"]
[ECO "D02"]
[NIC "QP.06"]
[Time "21:59:08"]
[TimeControl "180+2"]

1. d4 Nf6 2. Nf3 d5 3. Bf4 Bf5 4. e3 Nbd7 5. c3 c6 6. Bd3 Bxd3 7. Qxd3 e6 8.
Ne5 Nxe5 9. Bxe5 Bd6 10. Bxd6 Qxd6 11. Nd2 Qe7 12. Nf3 Qc7 13. Ne5 Nd7 14.
f4 f6 15. Nxd7 Qxd7 16. O-O O-O 17. Kh1 Qd6 18. Qe2 e5 19. fxe5 fxe5 20. Qg4
exd4 21. exd4 Qe7 22. h3 Rae8 23. Kh2 Qe6 24. Rxf8+ Kxf8 25. Rf1+ Kg8 26.
Qxe6+ Rxe6 27. Rf2 g6 28. Kg3 Re3+ 29. Rf3 Re2 30. Rf2 Rxf2 31. Kxf2 Kf7 32.
Kf3 Kf6 33. Kf4 g5+ 34. Ke3 h5 35. g4 hxg4 36. hxg4 Ke6 37. Kd3 Kd6 38. c4
dxc4+ 39. Kxc4 b5+ 40. Kc3 Kd5 41. Kd3 b4 42. a3 a5 43. axb4 axb4 44. b3 Kd6
45. Kc4 Ke6 46. Kd3 Kd5 47. Ke3 Kd6 48. Ke4 Ke6 49. Ke3 Kd5 50. Kd3 Kd6 51.
Kc4 Ke6 52. Kc5 Kd7 53. Kxb4 Kd6 54. Kc4 Ke6 55. Kc5 Kd7 56. b4 Kc7 57. d5
cxd5 58. Kxd5 Kb6 59. Ke5 Kb5 60. Kf5 Kxb4 61. Kxg5 Kc5 62. Kf6 Kd6 63. g5
{Black resigns}
1-0

[Event "ICC tourney 1980 (3 2)"]
[Site "Internet Chess Club"]
[Date "2020.08.28"]
[Round "9"]
[White "dopolian"]
[Black "Kokoro"]
[Result "1-0"]
[ICCResult "Black resigns"]
[WhiteElo "2067"]
[BlackElo "1861"]
[Opening "English opening"]
[ECO "A05"]
[NIC "QP.11"]
[Time "21:59:58"]
[TimeControl "180+2"]

1. Nf3 Nf6 2. c4 e6 3. b3 d5 4. Bb2 c5 5. cxd5 Nxd5 6. g3 Nc6 7. Bg2 Nf6 8.
O-O Be7 9. d4 O-O 10. dxc5 Bxc5 11. Nc3 a6 12. Rc1 Qe7 13. Qc2 Nd4 14. Nxd4
Bxd4 15. Rfd1 Ba7 16. Ne4 Nd5 17. h4 h6 18. Nc3 Nb4 19. Qb1 Rd8 20. Rxd8+
Qxd8 21. Rd1 Qc7 22. a3 Nc6 23. e3 Bd7 24. Ne4 Be8 25. Qa1 e5 26. Nd6 f6 27.
Nxe8 Rxe8 28. Qc1 e4 29. Qc4+ Qf7 30. Qxf7+ Kxf7 31. Rd7+ Kf8 32. Rxb7 g5
33. Rc7 Re6 34. hxg5 hxg5 35. Bh3 Rd6 36. Bd7 Bb8 37. Rc8+ Ke7 38. Bxc6 Ba7
39. Rc7+ Ke6 {Black resigns} 1-0